Map: Dusk Towers

Players

Zervas - Winner!

  • Race: Zerg Zerg
  • League: Master

SortOf

  • Race: Zerg Zerg
  • League: Master

Event: DreamHack ZOWIE Open Leipzig

VOD

Have the link to the VOD?

Description

Time

  • Played on: Jan. 22, 2016, 8:47 a.m.
  • Length: 14:41

All games in this series

Show
View Real Time Build Order
Export as new Build Order

Zervas Zerg - Winner!

Build Orders: Hatch First, Lurkers 

Get SALT Encoding   

  12  0:00  Drone  
  13  0:13  Overlord  
  13  0:17  Drone  
  14  0:31  Drone x2  
  16  0:36  Drone  
  17  0:53  Hatchery  
  17  0:55  Drone  
  17  0:58  Drone  
  18  1:06  Extractor  
  17  1:13  Spawning Pool  
  17  1:16  Drone  
  17  1:19  Drone  
  18  1:29  Drone  
  19  1:40  Overlord  
  19  1:50  Drone  
  20  2:00  Queen  
  22  2:02  Zergling x2  
  22  2:04  Drone  
  22  2:05  Queen  
  22  2:08  Metabolic Boost  
  26  2:13  Drone  
  27  2:16  Drone  
  27  2:22  Drone  
  29  2:26  Drone  
  30  2:33  Overlord  
  30  2:35  Queen  
  32  2:40  Baneling Nest, Zergling x2  
  32  2:47  Drone  
  32  2:48  Drone  
  34  2:55  Drone  
  35  3:03  Hatchery  
  35  3:05  Drone  
  35  3:13  Drone x2  
  35  3:17  Drone x3  
  40  3:23  Overlord  
  40  3:30  Zergling x2  
  40  3:31  Zergling x4  
  43  3:35  Overlord  
  43  3:40  Zergling x2  
  44  3:44  Drone  
  44  3:46  Lair  
  44  3:48  Drone x3, Extractor  
  45  3:53  Drone  
  45  3:54  Drone  
  48  4:00  Drone x2  
  50  4:03  Roach Warren  
  50  4:04  Extractor  
  48  4:13  Drone x3  
  48  4:14  Baneling x2  
  51  4:19  Drone x4, Extractor  
  51  4:22  Baneling x2  
  54  4:25  Zergling x2  
  54  4:26  Zergling x4  
  54  4:29  Drone  
  58  4:31  Evolution Chamber  
  58  4:37  Overlord  
  58  4:38  Queen  
  56  4:50  Overlord  
  56  4:51  Drone  
  57  4:55  Drone x2, Spire  
  57  4:57  Drone  
  57  4:58  Glial Reconstitution  
  59  5:01  Drone  
  59  5:04  Drone x2  
  59  5:05  Drone  
  63  5:09  Zerg Missile Weapons Level 1  
  63  5:14  Drone x3  
  64  5:21  Overlord, Drone  
  65  5:22  Drone  
  65  5:23  Roach  
  65  5:26  Roach  
  70  5:44  Drone x4  
  70  5:45  Overlord  
  70  5:46  Extractor  
  70  5:47  Extractor  
  72  5:50  Drone x3  
  72  5:51  Drone x3, Overlord  
  72  5:52  Overlord  
  78  5:59  Overlord  
  78  6:00  Pneumatized Carapace  
  78  6:01  Drone  
  79  6:08  Mutalisk x5  
  89  6:11  Zerg Flyer Weapons Level 1  
  89  6:15  Drone x2  
  89  6:16  Drone  
  89  6:18  Mutalisk  
  92  6:21  Roach x2  
  92  6:25  Roach x2  
  102  6:28  Roach  
  102  6:29  Roach  
  106  6:33  Roach  
  106  6:39  Roach x2  
  112  6:40  Overlord  
  112  6:41  Overlord  
  112  6:47  Overlord x2  
  112  6:53  Overlord  
  112  6:54  Overlord  
  112  7:00  Roach x2  
  112  7:01  Roach x4  
  124  7:06  Overlord  
  124  7:08  Overlord  
  124  7:13  Overlord  
  124  7:17  Roach x7  
  136  7:23  Mutalisk x4  
  144  7:35  Roach  
  144  7:36  Roach x5  
  156  7:38  Zerg Missile Weapons Level 2  
  156  7:42  Hatchery  
  155  7:49  Overlord x3  
  155  7:53  Roach x3  
  155  7:54  Ravager  
  155  7:55  Ravager  
  163  8:14  Roach x3  
  163  8:15  Roach x8  
  163  8:19  Ravager, Hydralisk Den  
  182  8:27  Roach x6  
  182  8:28  Roach  
  194  8:39  Ravager  
  193  8:48  Overlord  
  193  8:49  Overlord  
  178  9:06  Roach  
  178  9:07  Roach x14  
  163  9:13  Roach  
  163  9:14  Roach  
  136  9:18  Roach x2  
  136  9:20  Roach  
  136  9:21  Lurker Den, Roach x4  
  146  9:29  Drone x4  
  146  9:31  Roach x2, Extractor x2  
  154  9:32  Ravager  
  154  9:33  Ravager  
  154  9:36  Roach x2  
  159  9:38  Ravager  
  159  9:43  Ravager  
  160  9:46  Roach  
  160  9:47  Roach x2  
  166  9:58  Ravager x2, Roach  
  166  9:59  Roach  
  172  10:05  Drone x2  
  174  10:09  Spine Crawler  
  165  10:14  Roach  
  165  10:15  Roach x4  
  165  10:16  Hydralisk  
  165  10:17  Hydralisk x4  
  185  10:24  Overlord x2  
  185  10:25  Zerg Ground Armor Level 1  
  185  10:31  Overseer  
  185  10:33  Roach x3  
  189  10:44  Drone x2  
  189  10:46  Spine Crawler  
  190  10:50  Ravager x3  
  190  10:51  Ravager x2  
  190  10:56  Hatchery  
  190  10:57  Hydralisk x4  
  194  11:00  Infestation Pit  
  193  11:14  Lurker x2  
  193  11:15  Lurker x2  
  193  11:17  Lurker  
  198  11:23  Roach x5  
  197  11:35  Roach  
  197  11:36  Roach x2  
  193  11:41  Overseer  
  193  11:44  Ravager x7  
  196  12:02  Roach  
  196  12:05  Lurker  
  196  12:06  Lurker, Hydralisk x4  
  198  12:09  Pathogen Glands  
  198  12:10  Hive  
  196  12:44  Infestor x2  
  199  12:52  Spine Crawler  
  199  12:54  Roach  
  199  12:55  Roach, Extractor  
  187  13:09  Roach x6  
  187  13:10  Roach x5  
  199  13:19  Roach x8  
  186  13:27  Roach  
  186  13:28  Roach x5  
  186  13:31  Roach x2  
  186  13:32  Roach x6  
  196  13:35  Roach  
  192  13:44  Roach x5  
  197  13:52  Hydralisk  
  199  14:14  Overseer  
Show
View Real Time Build Order
Export as new Build Order

SortOf Zerg 

Build Orders: Hatch First 

Get SALT Encoding   

  12  0:01  Drone  
  13  0:12  Overlord  
  13  0:18  Drone  
  14  0:30  Drone x2  
  14  0:35  Drone  
  17  0:45  Drone  
  18  0:57  Hatchery  
  18  0:58  Drone  
  18  1:04  Extractor  
  17  1:07  Drone  
  18  1:15  Spawning Pool  
  17  1:18  Drone  
  18  1:29  Drone  
  19  1:39  Overlord  
  19  1:49  Drone  
  20  2:00  Drone  
  21  2:01  Queen  
  21  2:04  Metabolic Boost  
  23  2:09  Drone, Queen  
  23  2:11  Zergling x2  
  27  2:20  Drone  
  28  2:23  Drone  
  28  2:29  Baneling Nest  
  28  2:32  Drone  
  28  2:34  Drone  
  30  2:41  Drone  
  31  2:47  Hatchery  
  31  2:50  Zergling x2  
  31  2:54  Zergling x2  
  31  2:58  Overlord  
  32  3:04  Drone  
  33  3:08  Drone  
  33  3:12  Drone x2  
  36  3:13  Baneling x2  
  36  3:16  Queen  
  38  3:22  Drone  
  38  3:24  Overlord  
  40  3:27  Drone x2  
  40  3:28  Drone  
  40  3:32  Drone  
  42  3:36  Overlord  
  42  3:38  Drone  
  43  3:42  Zergling x4  
  43  3:47  Drone x2  
  47  3:50  Extractor  
  47  3:53  Zergling x2  
  47  3:56  Zergling x4  
  47  3:57  Roach Warren  
  47  3:58  Baneling x2  
  47  4:01  Drone  
  49  4:08  Evolution Chamber  
  48  4:11  Drone  
  48  4:13  Drone  
  49  4:17  Lair  
  49  4:18  Drone x3  
  49  4:20  Drone x2  
  49  4:23  Drone  
  55  4:26  Zergling x2  
  55  4:27  Drone  
  55  4:30  Extractor  
  55  4:31  Drone  
  57  4:34  Drone  
  57  4:35  Drone  
  57  4:37  Overlord  
  59  4:39  Drone  
  59  4:45  Drone  
  60  4:49  Roach x3  
  60  4:50  Zerg Missile Weapons Level 1  
  60  4:51  Overlord  
  60  4:52  Baneling  
  65  4:54  Drone  
  65  4:57  Drone x3  
  65  4:59  Drone  
  70  5:01  Extractor  
  70  5:03  Overlord  
  69  5:07  Drone x2  
  69  5:08  Drone  
  69  5:10  Roach  
  69  5:12  Drone x2, Extractor  
  75  5:14  Roach  
  75  5:19  Glial Reconstitution  
  75  5:21  Drone x3  
  78  5:23  Overseer  
  78  5:26  Drone x3  
  82  5:28  Overlord  
  82  5:30  Roach  
  82  5:33  Drone  
  85  5:40  Overlord  
  85  5:41  Roach x2  
  88  5:44  Drone  
  88  5:45  Overlord  
  88  5:46  Overlord, Extractor  
  88  5:50  Drone x2  
  88  5:52  Roach  
  88  5:53  Roach x2  
  88  5:55  Overlord  
  96  6:01  Drone  
  97  6:05  Ravager x3  
  97  6:06  Ravager  
  97  6:07  Hatchery, Roach x2  
  104  6:12  Drone  
  104  6:14  Roach x3  
  104  6:15  Roach  
  113  6:23  Roach x4  
  121  6:27  Overlord  
  121  6:30  Overlord  
  121  6:31  Overlord  
  121  6:38  Overlord  
  121  6:41  Overlord  
  121  6:46  Spore Crawler x2, Zerg Missile Weapons Level 2  
  119  6:47  Spore Crawler  
  119  6:49  Spore Crawler  
  119  6:51  Spore Crawler  
  119  6:52  Spore Crawler  
  119  6:53  Hydralisk Den  
  113  6:54  Drone  
  113  6:55  Drone x3  
  113  6:56  Drone  
  113  6:58  Drone  
  113  6:59  Drone  
  116  7:05  Roach  
  116  7:06  Roach x2  
  119  7:10  Drone x3  
  119  7:11  Overlord  
  116  7:20  Overseer  
  116  7:22  Hydralisk x3, Muscular Augments  
  116  7:27  Hydralisk  
  116  7:28  Evolution Chamber  
  123  7:31  Ravager x6  
  123  7:32  Ravager  
  123  7:33  Hydralisk  
  123  7:35  Drone  
  123  7:36  Drone  
  134  7:38  Spore Crawler, Hydralisk  
  134  7:40  Drone  
  136  7:44  Hydralisk x2  
  136  7:47  Drone x2  
  136  7:49  Drone x3  
  145  7:52  Pneumatized Carapace  
  145  7:56  Overlord  
  145  7:59  Hydralisk x2  
  145  8:04  Drone x3  
  145  8:05  Zerg Ground Armor Level 1  
  152  8:07  Overlord  
  152  8:13  Extractor  
  152  8:14  Overlord  
  152  8:16  Roach x4  
  152  8:19  Ravager  
  160  8:25  Overlord  
  160  8:27  Roach x4  
  160  8:31  Extractor  
  160  8:33  Hydralisk x3  
  171  8:35  Overlord  
  171  8:37  Overlord  
  165  8:49  Roach x6  
  165  8:55  Roach x6  
  173  9:06  Roach x3, Zergling x8  
  173  9:08  Zergling x2  
  173  9:09  Zergling x2  
  152  9:16  Roach x2  
  135  9:20  Drone x3  
  135  9:23  Ravager  
  135  9:24  Ravager x3  
  142  9:25  Drone  
  142  9:26  Overseer  
  142  9:30  Drone x2  
  142  9:31  Drone  
  146  9:40  Roach  
  146  9:41  Roach x3  
  146  9:45  Drone x3  
  157  9:48  Roach  
  157  9:49  Ravager  
  157  9:50  Ravager  
  157  9:52  Roach  
  163  9:56  Overlord  
  163  9:57  Roach x2  
  167  10:03  Drone x3  
  170  10:07  Drone x4  
  170  10:10  Drone x3  
  173  10:15  Hydralisk x2  
  177  10:23  Drone x2  
  177  10:24  Drone x2, Infestation Pit  
  177  10:25  Roach  
  177  10:28  Roach  
  184  10:30  Overseer  
  184  10:32  Roach  
  184  10:33  Roach  
  188  10:36  Roach  
  188  10:40  Ravager x2  
  188  10:41  Ravager x3  
  188  10:42  Drone x3  
  195  10:44  Overseer  
  193  10:53  Roach  
  193  10:54  Roach x2  
  193  10:56  Spine Crawler  
  198  10:57  Spine Crawler  
  198  10:59  Spine Crawler  
  198  11:00  Drone  
  198  11:01  Drone x2, Spine Crawler  
  198  11:08  Hive  
  198  11:12  Overlord  
  198  11:14  Overlord  
  198  11:28  Overlord  
  192  11:34  Roach  
  182  11:41  Roach x5  
  182  11:42  Overseer  
  192  11:50  Drone x3, Nydus Network  
  187  12:04  Hatchery, Drone x2  
  187  12:05  Drone x2  
  189  12:14  Overlord  
  189  12:16  Zerg Ground Armor Level 2  
  189  12:20  Viper x3  
  200  12:22  Roach  
  200  12:30  Nydus Canal  
  200  12:37  Overseer  
  200  12:38  Overseer  
  199  12:49  Ravager  
  192  12:59  Roach  
  192  13:02  Roach x3  
  192  13:03  Roach x3  
  176  13:07  Roach x16  
  176  13:11  Roach  
  176  13:12  Roach x7  
  185  13:14  Roach  
  185  13:18  Roach x4  
  190  13:24  Roach x2  
  171  13:30  Roach  
  148  13:37  Roach  
  148  13:38  Roach  
  146  13:43  Overseer  
  146  13:44  Roach  
  138  13:50  Roach x3  
  146  13:55  Roach  
  146  13:56  Roach  
  146  14:00  Roach x2  
  151  14:05  Hatchery  
  152  14:10  Roach x3  
  152  14:14  Ravager x2  
  152  14:15  Ravager  

Tags
 
Add a new tag
Caveats
  • Supply blocks, unpowered buildings, or Contaminate may cause inaccurate times.
  • Supply counts are checked every 10 seconds.